[Event "Austrian Women Bundesliga 2023-24"]
[Site "Austria"]
[Date "2024.04.14"]
[Round "9.20"]
[White "Exler, Veronika"]
[Black "Stadlinger, Lea"]
[Result "1-0"]
[ECO "E06"]
[WhiteElo "2171"]
[BlackElo "1936"]
[Annotator "TA"]
[PlyCount "57"]
[EventDate "2023.11.21"]
[EventType "team-tourn"]
[EventCountry "AUT"]
[SourceTitle "playchess.com"]
[Source "ChessBase"]
[SourceQuality "1"]
[TimeControl "40/5400+30:1800+30"]

1. d4 d5 2. c4 e6 3. Nf3 Nf6 4. g3 Be7 5. Bg2 O-O 6. Qc2 a6 7. b3 b6 8. O-O Bb7 9. cxd5 {[%emt 0:01:48] The position is equal.} exd5 10. Bf4 c5 11. Nc3 Nc6 12. Rad1 h6 13. h4 (13. dxc5 $14 bxc5 14. Na4) 13... Bd6 (13... Re8 $11) 14. Bxd6 $14 Qxd6 15. Na4 cxd4 16. Nxd4 (16. Nxb6 $2 Nb4 17. Qb2 Qxb6 $19) 16... Rac8 {[%emt 0:01:41] Strongly threatening ...Nxd4.} 17. Qd2 (17. Nxb6 Nxd4 18. Nxc8 Rxc8 $15 (18... Qe5 $2 19. Ne7+ Kh8 20. Rxd4 $18)) 17... Nxd4 18. Qxd4 b5 {[%emt 0:01:15] [#]} 19. Nc3 ({Better is} 19. Nb6 $1 $16 Rc5 20. b4) 19... Rfd8 (19... Qc5 $11 20. Nxd5 (20. Qxc5 Rxc5 21. Nb1 Rc2 $17) 20... Bxd5 21. Bxd5 Nxd5 22. Qxd5 Qxd5 23. Rxd5 Rc2) 20. e4 Qc5 21. Nxd5 {[%emt 0:01:22] White is more active.} Nxd5 22. exd5 Rd6 (22... Qxd4 $142 23. Rxd4 Rd6) 23. Qxc5 $16 Rxc5 24. Rc1 Rxc1 25. Rxc1 Kf8 (25... Bxd5 $2 26. Rd1 $18) 26. f4 f5 (26... Bxd5 $2 {is the wrong capture.} 27. Rd1 Rg6 28. Rxd5 $18 (28. Bxd5 Rxg3+ 29. Kf2 Rg4 $18)) (26... Ke8 $16 {is a better defense.} 27. Bf3 g6 (27... Bxd5 $2 28. Rd1 $18)) 27. Kf2 {[%emt 0:01:03] Re1 is the strong threat.} Ke7 $2 (27... Bxd5 $2 {too greedy.} 28. Rd1 $18) (27... Rd7 $16 28. Rd1 Ke7 29. d6+ Ke6) 28. Rc7+ $18 Rd7 {[%emt 0:00:06] [#]} 29. d6+ $1 {[%emt 0:00:19][%mdl 512] Weighted Error Value: White=0.19 (very precise) /Black=0.29 (precise) .  Loses game:     	---       	Black=1      Mistake:       	White=2     	Black=4      Inaccurate:     	White=2     	Black=5      OK:         	White=8     	Black=3      Best:        	White=1     	---} 1-0